 Dungeon Crawl Stone Soup version 0.27.1-3-gb3d3a73c9e (webtiles) character file.

Game seed: 16141918079048066979

67 mannym the Covered (level 3, -15/33 HPs)
             Began as a Minotaur Fighter on Oct 25, 2021.
             Was an Initiate of Ru.
             Killed by an exploding bat (35 damage)
             ... ignited by their inner flame
             ... on level 3 of the Dungeon.
             The game lasted 00:31:16 (1557 turns).

mannym the Covered (Minotaur Fighter)               Turns: 1557, Time: 00:31:16

Health: -15/33     AC:  7    Str: 21    XL:     3   Next: 98%
Magic:  2/2        EV:  7    Int:  5    God:    Ru [......]
Gold:   42         SH: 10    Dex:  9    Spells: 2/2 levels left

rFire    . . .     SeeInvis .   a - +0 war axe
rCold    . . .     Faith    .   c - +1 kite shield
rNeg     . . .     Spirit   .   b - +0 scale mail
rPois    .         Reflect  .   (helmet restricted)
rElec    .         Harm     .   (no cloak)
rCorr    .         Rampage  .   (no gloves)
Will     .....                  (no boots)
Stlth    ..........             (no amulet)
HPRegen  0.11/turn              (no ring)
MPRegen  0.08/turn              (no ring)

@: lethally poisoned (-15 -> -20)
A: horns 2, retaliatory headbutt
a: Renounce Religion


You were on level 3 of the Dungeon.
You worshipped Ru.
Ru was noncommittal.
You visited 1 branch of the dungeon, and saw 3 of its levels.

You collected 120 gold pieces.
You spent 78 gold pieces at shops.

Inventory:

Hand Weapons
 a - a +0 war axe (weapon)
Armour
 b - a +0 scale mail (worn)
 c - a +1 kite shield (worn)
Jewellery
 d - an amulet of magic regeneration
Scrolls
 e - a scroll of identify
 h - a scroll of teleportation
Potions
 f - a potion of attraction
 g - a potion of flight


   Skills:
 + Level 3.9 Fighting
 * Level 4.1 Axes
 + Level 4.3 Armour
 + Level 0.2 Dodging
 + Level 3.9 Shields


You had 2 spell levels left.
You didn't know any spells.
Your spell library contained the following spells:

 Spells                   Type           Power      Damage    Failure   Level
 Hailstorm                Conj/Ice       0%         3d3       100%        4
 Ice Form                 Ice/Tmut       0%         N/A       100%        4
 Conjure Ball Lightning   Conj/Air       0%         3x3d6     100%        6
 Simulacrum               Ice/Necr       0%         N/A       100%        6
 Discord                  Hex            0%         N/A       100%        8
 Disjunction              Tloc           0%         N/A       100%        8


Dungeon Overview and Level Annotations

Branches:
Dungeon (3/15)

Altars:
Ru

Shops:
D:3 ?


Innate Abilities, Weirdness & Mutations

You have a pair of horns on your head.
You reflexively headbutt those who attack you in melee.


Message History

The ball python constricts you. You block the ball python's attack.
The ball python constricts you.
You closely miss the ball python.
The ball python bites you but does no damage.
The ball python constricts you.
The ball python bites you but does no damage.
The ball python constricts you.
You barely miss the ball python. Your headbutt misses the ball python.
You block the ball python's attack. The ball python constricts you.
You block the ball python's attack. The ball python constricts you.
You barely miss the ball python. The ball python barely misses you.
You furiously retaliate!
You headbutt the ball python!
You kill the ball python!
A bat, a ball python and an adder come into view.
The adder hisses angrily.
The ball python hisses angrily.
You see here a +0 leather armour.
A bat comes into view.
You closely miss the ball python. You miss the bat. You block the bat's attack.
The ball python barely misses you. The ball python grabs you.
The ball python constricts you.
You hit the ball python but do no damage.
Your headbutt misses the ball python. You miss the bat. You miss the adder.
You block the bat's attack. You block the ball python's attack.
The ball python constricts you. The adder bites you.
You are poisoned.
The adder poisons you! You block the bat's attack.
The ball python barely misses you. The ball python constricts you.
The adder bites you.
You don't know any spells.
As you read the scroll of immolation, it crumbles to dust.
The creatures around you are filled with an inner flame!
You feel sick. You block the bat's attack. The bat hits you but does no damage.
You block the ball python's attack. The ball python constricts you.
The adder bites you but does no damage. You block the bat's attack.
You hit the ball python. You hit the bat. You barely miss the bat.
You hit the adder.
Flame seeps out of the adder.
The bat explodes!
The fiery explosion engulfs the bat!!
The fiery explosion engulfs you!!
Ouch! That really hurt!
You die...

. ###.### .##
#.†_..# ..#
#.#.#.######.#
#............#
#
###########..#
.# ##..# #..
#§§§# ..
#§§§#.###..
#..@.......
#.S........
............#
...........##..
....#...#### #
....#...# ...
....# .. ..####


You could see an adder (inner flame).

Vanquished Creatures
  2 adders (D:2)
  2 dart slugs
  5 ball pythons
  4 endoplasms
  A giant cockroach (D:2)
  3 goblins
  6 hobgoblins
  5 kobolds
  4 quokkas
  5 bats
  3 frilled lizards
  2 rats
42 creatures vanquished.

Notes
Turn   | Place    | Note
-------+----------+-------------------------------------------
     0 | D:1      | mannym the Minotaur Fighter began the quest for the Orb.
     0 | D:1      | Reached XP level 1. HP: 19/19 MP: 0/0
   154 | D:1      | Reached XP level 2. HP: 25/27 MP: 1/1
   752 | D:2      | Reached XP level 3. HP: 32/33 MP: 2/2
  1432 | D:3      | Found Quqagh's Magic Scroll Emporium.
  1491 | D:3      | Bought a scroll of teleportation for 36 gold pieces
  1491 | D:3      | Bought a scroll of immolation for 42 gold pieces
  1519 | D:3      | Found a sacrificial altar of Ru.
  1534 | D:3      | Became a worshipper of Ru the Awakened
  1557 | D:3      | Killed by an exploding bat... ignited by their inner flame

Illustrated notes

Levels and vault maps discovered:
D:1:      minmay_arrival_pointy, layout_basic
D:2:      minmay_wonky_spiral, layout_loops_cross,
          chequers_ecumenical_altar_twisty, hangedman_decor_peaks_small
D:3:      cheibrodos_pilgrimage, layout_loops_ring, lemuel_crystal_altar,
          serial_shops, nicolae_shop_behind_doors, nicolae_square_shop, shop,
          chequers_serial_rivers_small_b, roderic_roman_lattice, st_stairs_5

Skill      XL: |  1  2  3 |
---------------+----------+-----
Armour         | 4 |  4.3
Axes           | 3 4 |  4.1
Fighting       | |  3.9
Dodging        | |  0.2
Shields        | |  3.9

Action                   || total
-------------------------++-------
Melee: War axe           ||    89
       Headbutt          ||    15
  Use: Scroll            ||     7
       Potion            ||     1
Armor: Scale mail        ||    42
Dodge: Dodged            ||    36
Block: Kite shield       ||    64
